 Dungeon Crawl Stone Soup version 0.14.2 (webtiles) character file.

210 theanonym the Slasher (level 4, 0/31 HPs)
             Began as a High Elf Death Knight on Dec 6, 2018.
             Was a Believer of Yredelemnul.
             Succumbed to an adder's poison
             ... on Level 2 of the Dungeon.
             The game lasted 00:04:23 (2446 turns).

theanonym the Slasher (High Elf Death Knight)       Turns: 2446, Time: 00:04:23

HP   0/31        AC  6     Str 13      XL: 4   Next: 82%
MP   9/9         EV  8     Int 15      God: Yredelemnul [**....]
Gold 85          SH  0     Dex 14      Spells:  0 memorised,  3 levels left

rFire  . . .     SeeInvis .     a - +1 falchion
rCold  . . .     Clarity  .     i - +0 scale mail
rNeg   + . .     Conserve .     (no shield)
rPois  .         rCorr    .     (no helmet)
rElec  .         rRot     .     (no cloak)
SustAb . .       Spirit   .     (no gloves)
rMut   .         Warding  .     (no boots)
Saprov . . .     Stasis   .     (no amulet)
MR     .....                    (no ring)
                                k - ring of positive energy

@: lethally poisoned, not resistant to hostile enchantments, extremely
unstealthy
A: no striking features
a: Animate Remains, Recall Undead Slaves, Injury Mirror, Renounce Religion


   Skills:
 + Level 3.1 Fighting
 * Level 4.8 Long Blades
 + Level 1.9 Armour
 - Level 1.1 Dodging
 - Level 3.0 Invocations


You had 3 spell levels left.
You didn't know any spells.

Action                   |  1- 3 |  4- 6 || total
-------------------------+-------+-------++-------
Melee: Falchion          |   128 |    41 ||   169
Invok: Animate Remains   |    12 |     3 ||    15
  Use: Scroll            |     1 |     4 ||     5
       Potion            |     1 |     1 ||     2
 Stab: Sleeping          |     1 |       ||     1
       Distracted        |       |     1 ||     1

Inventory:

Hand weapons
 a - a +1,+1 falchion (weapon)
Armour
 b - a +0 leather armour
 i - a +0 scale mail (worn)
   (You took it off Terence on level 2 of the Dungeon)
Comestibles
 c - 2 bread rations
Scrolls
 g - a scroll of blinking
 h - a scroll of amnesia
 j - a scroll of random uselessness
Jewellery
 k - a ring of positive energy (left hand)
   (You found it on level 2 of the Dungeon)


You were on level 2 of the Dungeon.
You worshipped Yredelemnul.
Yredelemnul was pleased with you.
You were hungry.

You visited 1 branch of the dungeon, and saw 2 of its levels.

You collected 85 gold pieces.

Dungeon Overview and Level Annotations

Branches:
Dungeon (2/15)

Altars:
Zin

#...# #..... ###...##
#..#.. ####......#
#..... #. ..##.#..>.#
##..... ..#
#.##.#....####...... ..
#.##.#.........#.#..
#.###.##.####.###..#....
#.....##..............#.
#####z.@%...#.##.#.##.#.
##.#.........###.#.#.
###........##.## ##....
..............###.####
#.#..##....%....#..#
#.#...#....##)##.#.#
#.#......>.##.....[#
#............#....z###
#####.##.....#.....z.#


You could see a friendly hobgoblin zombie.

Notes
Turn   | Place    | Note
--------------------------------------------------------------
     0 | D:1      | theanonym, the High Elf Death Knight, began the quest for the Orb.
     0 | D:1      | Reached XP level 1. HP: 14/14 MP: 3/3
    77 | D:1      | Reached skill level 1 in Armour
   350 | D:1      | Reached skill level 3 in Long Blades
   354 | D:1      | HP: 7/14 [rat (2)]
   359 | D:1      | Reached XP level 2. HP: 5/19 MP: 4/4
  1263 | D:2      | Reached XP level 3. HP: 21/24 MP: 7/7
  1350 | D:2      | Found a glowing silver altar of Zin.
  1394 | D:2      | HP: 11/25 [adder (2)]
  1402 | D:2      | HP: 10/25 [poisoned by an adder]
  1655 | D:2      | Noticed Terence
  1673 | D:2      | HP: 12/25 [Terence/flail (5)]
  1677 | D:2      | Killed Terence
  1677 | D:2      | Acquired Yredelemnul's second power
  1677 | D:2      | Reached skill level 4 in Long Blades
  1864 | D:2      | Noticed Jessica
  1875 | D:2      | Killed Jessica
  1875 | D:2      | Reached XP level 4. HP: 28/30 MP: 9/9
  1969 | D:2      | HP: 15/30 [gnoll (2)]
  1978 | D:2      | Your ally Jessica died
  2034 | D:2      | HP: 12/30 [gnoll/halberd (9)]
  2214 | D:1      | Reached skill level 3 in Fighting
  2420 | D:2      | HP: 12/31 [adder (4)]
  2425 | D:2      | HP: 5/31 [poisoned by an adder]
  2431 | D:2      | HP: 3/31 [poisoned by an adder]
  2439 | D:2      | HP: 1/31 [poisoned by an adder]
  2446 | D:2      | Succumbed to an adder's poison

Vanquished Creatures
  Jessica (D:2)
  Terence (D:2)
  3 gnolls
  2 adders (D:2)
  2 giant geckos
  2 giant cockroaches (D:1)
  9 hobgoblins
  7 bats
  3 giant newts
  6 goblins
  5 kobolds
  5 rats
46 creatures vanquished.

Vanquished Creatures (collateral kills)
  A giant gecko (D:2)
  A giant newt (D:1)
  2 kobolds (D:1)
  A rat (D:1)
5 creatures vanquished.

Vanquished Creatures (others)
  A giant newt zombie (D:2)
  A gnoll zombie (D:2)
  A human zombie (D:2)
  A rat zombie (D:1)
4 creatures vanquished.

Grand Total: 55 creatures vanquished

Table legend:
 A = Turns spent in this place as a percentage of turns spent in the entire game.
 B = Non-inter-level travel turns spent in this place as a percentage of non-inter-level travel turns spent in the entire game.
 C = Inter-level travel turns spent in this place as a percentage of turns spent in this place.
 D = Turns resting spent in this place as a percentage of non-inter-level travel turns spent in this place.
 E = Turns spent auto-exploring this place as a percentage of non-inter-level travel turns spent in this place.
 F = Non-inter-level travel turns spent in this place divided by the number of levels of this place that you've seen.
                   A       B       C       D       E      F
               +-------+-------+-------+-------+-------+----------------------
         Total | 100.0 | 100.0 |   0.1 |   4.8 |   9.6 | 365.5
       Dungeon | 100.0 | 100.0 |   0.1 |   4.8 |   9.6 | 365.5
               +-------+-------+-------+-------+-------+----------------------
